 Dungeon Crawl Stone Soup version 0.29-a0-284-gf9362112df (webtiles) character file.

Game seed: 2791252584561506908

50 siradein the Skirmisher (level 3, -1/33 HPs)
             Began as a Draconian Fighter on Mar 25, 2022.
             Slain by Terence
             ... wielding a +0 falchion
              (7 damage)
             ... on level 2 of the Dungeon.
             The game lasted 00:03:17 (1768 turns).

siradein the Skirmisher (Draconian Fighter)         Turns: 1768, Time: 00:03:18

Health: -1/33      AC:  5    Str: 18    XL:     3   Next: 55%
Magic:  3/3        EV: 12    Int:  8    God:
Gold:   43         SH:  4    Dex: 12    Spells: 2/2 levels left

rFire   . . .      SeeInvis .   a - +0 long sword
rCold   . . .      Faith    .   b - +0 buckler
rNeg    . . .      Spirit   .   (body armour unavailable)
rPois   .          Reflect  .   (helmet restricted)
rElec   .          Harm     .   (no cloak)
rCorr   .          Rampage  .   (no gloves)
Will    .....                   (no boots)
Stlth   +.........              (no amulet)
HPRegen 0.11/turn               (no ring)
MPRegen 0.08/turn               (no ring)

@: no status effects
A: AC +5, unfitting armour, cold-blooded
a: no special abilities


You were on level 2 of the Dungeon.
You visited 1 branch of the dungeon, and saw 2 of its levels.

You collected 43 gold pieces.

Inventory:

Hand Weapons
 a - a +0 long sword (weapon)
Missiles
 f - 88 stones (quivered)
Armour
 b - a +0 buckler (worn)
Scrolls
 d - a scroll of noise {unknown}
 g - a scroll of identify {unknown}
 h - a scroll of teleportation {unknown}
Potions
 c - a potion of might
 e - 3 potions of flight {unknown}


   Skills:
 + Level 3.7 Fighting
 + Level 2.6 Long Blades
 + Level 3.1 Dodging
 + Level 3.4 Shields


You had 2 spell levels left.
You didn't know any spells.
Your spell library contained the following spells:

 Spells                   Type           Power      Damage    Failure   Level
 Corpse Rot               Necr/Air       0%         N/A       65%         2
 Sublimation of Blood     Necr           0%         N/A       65%         2
 Call Canine Familiar     Summ           0%         N/A       86%         3
 Portal Projectile        Hex/Tloc       0%         N/A       86%         3
 Dispel Undead            Necr           0%         3d6       99%         4
 Leda's Liquefaction      Hex/Erth       0%         N/A       99%         4
 Petrify                  Tmut/Erth      0%         N/A       99%         4
 Freezing Cloud           Conj/Ice/Air   0%         6-21      100%        5
 Irradiate                Conj/Tmut      0%         3d13      100%        5
 Death Channel            Necr           0%         N/A       100%        6
 Simulacrum               Ice/Necr       0%         N/A       100%        6
 Polar Vortex             Ice            0%         N/A       100%        9


Dungeon Overview and Level Annotations

Branches:
Dungeon (2/15)

Altars:

Annotations:
D:2 Terence


Innate Abilities, Weirdness & Mutations

Your plain brown scales are hard. (AC +5)
You cannot fit into any form of body armour.
You are cold-blooded and may be slowed by cold attacks.


Message History

Terence is moderately wounded.
Terence says, "Don't bother to defend, it's pointless."
Terence hits you but does no damage.
You hit Terence.
Terence is moderately wounded.
Terence barely misses you.
You hit Terence.
Terence is severely wounded.
Terence drinks a potion.
Terence is healed!
Terence hits you with a +0 falchion.
You barely miss Terence.
Terence is moderately wounded.
Terence hits you with a +0 falchion!
You are too injured to fight recklessly!
You are too injured to fight recklessly!
Terence shouts, "Now you die!" Terence attacks as you move away!
Terence misses you.
A bat comes into view.
You block the bat's attack.
You closely miss the bat. The bat closely misses you.
You block the bat's attack. Terence closely misses you. The bat misses you.
You closely miss the bat.
Your tail-slap misses the bat.
The bat barely misses you. The bat hits you but does no damage.
You block Terence's attack. The bat barely misses you. Terence misses you.
You barely miss the bat.
You tail-slap the bat, but do no damage.
The bat hits you. Terence barely misses you. The bat closely misses you.
The bat barely misses you.
The frilled lizard unfolds its giant frill.
You miss the bat. You block the bat's attack.
Terence hits you with a +0 falchion.
* * * LOW HITPOINT WARNING * * *
The bat hits you but does no damage. Terence attacks as you move away!
Terence closely misses you. The bat barely misses you.
The bat hits you but does no damage. The bat barely misses you.
Terence asks, "Do you want it fast or slow?"
Terence hits you with a +0 falchion!
You die...

#.................#
###.#..##.#........##.#
....................##.##
.###................#...#########
##..###..........>###.^......#
#..# #..........## ##.####..#
#..###..........# #.####..#
#........[..b@..# #.##.....
##.#########.@#l#<# ..##.#### ..
#..#.##. #.##. #. #..#.# #.##
#.#########..#.# #.##
#<...........#.######.##.####
#.#########.##........ #..... #.
#.##..###### #.##.# #.
##.##..##### #.# #.
###.#.......... #.#


You could see Terence and a bat.

Vanquished Creatures
  An adder (D:2)
  A dart slug (D:1)
  An orc (D:2)
  5 bats
  4 endoplasms
  2 giant cockroaches
  A goblin (D:1)
  2 hobgoblins (D:1)
  5 kobolds
  A quokka (D:2)
  3 ball pythons
  4 frilled lizards (D:1)
  6 rats
36 creatures vanquished.

Notes
Turn   | Place    | Note
-------+----------+-------------------------------------------
     0 | D:1      | siradein the Draconian Fighter began the quest for the Orb.
     0 | D:1      | Reached XP level 1. HP: 19/19 MP: 1/1
   296 | D:1      | Reached XP level 2. HP: 22/26 MP: 2/2
  1180 | D:1      | Found a faded altar of an unknown god.
  1331 | D:2      | Reached XP level 3. HP: 31/31 MP: 3/3
  1733 | D:2      | Noticed Terence
  1768 | D:2      | Slain by Terence

Illustrated notes

Levels and vault maps discovered:
D:1:      minmay_arrival_stone_box, layout_basic,
          shapermc_ecumenical_altar_mp_ritualfount, due_unseen_surprise
D:2:      layout_loops_ring, basic_altar, uniq_terence

Skill      XL: |  1  2 |
---------------+-------+-----
Dodging        | 3 |  3.1
Fighting       | |  3.7
Long Blades    | |  2.6
Shields        | |  3.4

Action                   || total
-------------------------++-------
Melee: Long sword        ||   113
       Tailslap          ||    14
Throw: Stone             ||     1
 Stab: Sleeping          ||     2
Armor: Skin              ||    34
Dodge: Dodged            ||    83
Block: Buckler           ||    31

Table legend: (Time is in decaauts)
 A = Elapsed time spent in this place.
 B = Non-inter-level travel time spent in this place.
 C = Inter-level travel time spent in this place.
 D = Time resting spent in this place.
 E = Time spent auto-exploring this place.
 F = Levels seen in this place.
 G = Mean time per level.
                   A        B        C        D        E       F      G
               +--------+--------+--------+--------+--------+-----+--------+
         Total |   1810 |   1764 |     46 |      0 |   1399 |   2 |  905.0 |
       Dungeon |   1810 |   1764 |     46 |      0 |   1399 |   2 |  905.0 |
               +--------+--------+--------+--------+--------+-----+--------+

Top non-repeatable levels by time:
     D:1: 1292 daAuts
     D:2: 518 daAuts
